 Dungeon Crawl Stone Soup version 0.24-a0-274-gb3763e6 (webtiles) character file.

Game seed: 7535684646592069596

30 TheOvate the Sneak (level 3, -3/27 HPs)
             Began as a Vampire Assassin on Apr 26, 2019.
             Slain by a gnoll
             ... wielding a +0 hand axe
              (9 damage)
             ... on level 2 of the Dungeon.
             The game lasted 00:05:31 (1708 turns).

TheOvate the Sneak (Vampire Assassin)               Turns: 1708, Time: 00:05:31

Health: -3/27      AC:  7    Str: 10    XL:     3   Next: 5%
Magic:  3/3        EV: 10    Int: 13    God:
Gold:   37         SH:  0    Dex: 16    Spells: 2/2 levels left

rFire    . . .     SeeInvis +   a - +2 dagger
rCold    + . .     Gourm    .   (no shield)
rNeg     + + .     Faith    .   n - +0 ring mail
rPois    +         Spirit   .   (no helmet)
rElec    .         Reflect  .   d - +0 cloak
rCorr    .         Harm     .   (no gloves)
MR       .....                  o - +0 pair of boots
Stlth    ++++......             (no amulet)
HPRegen  0.04/turn              (no ring)
MPRegen  0.08/turn              (no ring)

@: regenerating slowly
A: fangs 3, see invisible, unbreathing
a: Bat Form


You were on level 2 of the Dungeon.
You were thirsty.

You visited 1 branch of the dungeon, and saw 2 of its levels.

You collected 37 gold pieces.

Inventory:

Hand Weapons
 a - a +2 dagger (weapon)
 b - a +0 blowgun
Missiles
 e - 8 poisoned needles
 f - 2 curare-tipped needles
Armour
 c - a +0 robe
 d - a +0 cloak (worn)
 n - a +0 ring mail (worn)
 o - a +0 pair of boots (worn)
Scrolls
 i - a scroll of teleportation
 j - 2 scrolls of remove curse {unknown}
Potions
 g - 7 potions of blood
 k - a potion of brilliance {unknown}
 m - a potion of flight {unknown}
Comestibles
 l - 4 rations


   Skills:
 + Level 2.1 Fighting
 + Level 2.7 Short Blades
 + Level 1.6 Throwing
 + Level 1.1 Dodging
 + Level 6.7 Stealth


You had 2 spell levels left.
You didn't know any spells.
Your spell library was empty.

Dungeon Overview and Level Annotations

Branches:
Dungeon (2/15)

Altars:


Innate Abilities, Weirdness & Mutations

You heal slowly.
You have razor-sharp teeth.
You have supernaturally acute eyesight. (SInv)
You can survive without breathing.


Message History

You start resting.
The gnoll is too close now for your liking.
Found a stone staircase leading up.
The gnoll shouts! x2
You hit the gnoll but do no damage. You bite the gnoll.
You draw the gnoll's blood!
You feel better.
You feel slightly less thirsty.
The gnoll is lightly wounded.
You hear a shout!
The gnoll closely misses you.
The gnoll shouts!
The gnoll throws a throwing net.
The throwing net hits you.
You become entangled in the net!
You see here a throwing net.
You struggle against the net.
You are held in a net!
You tear a large gash into the net.
The gnoll hits you.
You rip the net and break free!
The gnoll hits you.
* * * LOW HITPOINT WARNING * * *
The gnoll hits you with a +0 hand axe!
You die...

..
#.............#####
#. #...######....# #.
#...# ##...#
###.##...# #.###
####....g...# ####.#
...........## ##....#
<###.#.###g####.....#
#.....g....).....#
....).###@####.....#
####.. ##.# ##....#
K..g #.(# ##.#.#
###.# #.## #.#.# #g
#.# #.#.# #.# #.#.#
#.# #.### #.# #.# #.#


You could see 2 gnolls.

Vanquished Creatures
  2 dart slugs (D:1)
  A worm (D:2)
  A giant cockroach (D:1)
  2 goblins
  A hobgoblin (D:2)
  3 jackals (D:1)
  6 kobolds
  3 bats
  3 frilled lizards
  A rat (D:1)
  A toadstool (D:1)
24 creatures vanquished.

Vanquished Creatures (others)
  3 toadstools (D:1)
3 creatures vanquished.

Grand Total: 27 creatures vanquished

Notes
Turn   | Place    | Note
-------+----------+-------------------------------------------
     0 | D:1      | TheOvate the Vampire Assassin began the quest for the Orb.
     0 | D:1      | Reached XP level 1. HP: 16/16 MP: 1/1
    64 | D:1      | Reached skill level 6 in Stealth
   206 | D:1      | Reached XP level 2. HP: 22/22 MP: 2/2
   734 | D:2      | HP: 1/22 [gnoll/+0 flail (6)]
  1494 | D:2      | Reached XP level 3. HP: 7/27 MP: 3/3
  1708 | D:2      | Slain by a gnoll

Levels and vault maps discovered:
D:1:      ldierk_water_garden, layout_rooms, minmay_crystal_water
D:2:      layout_loops_ring, marbit_many_paths,
          chequers_temple_overflow_statue_of_worship, grunt_ministairs_6

Skill      XL: |  1  2 |
---------------+-------+-----
Stealth        | 6 |  6.7
Fighting       | 2 |  2.1
Short Blades   | |  2.7
Throwing       | |  1.6
Dodging        | |  1.1

Action                   || total
-------------------------++-------
Melee: Dagger            ||    83
       Bite              ||     7
 Fire: Blowgun           ||     1
  Use: Potion            ||     2
       Scroll            ||     1
 Stab: Sleeping          ||     8
Armor: Robe              ||    17
       Ring mail         ||     5
Dodge: Dodged            ||    36

Table legend:
 A = Non-vault XP
 B = Vault XP
 C = Vault XP percentage of total XP
 D = Non-vault monster count
 E = Vault monster count
 F = Vault count percentage of total count
                 A         B        C        D         E       F
            +---------+---------+-------+---------+---------+-------
      Total |      41 |       3 |   6.8 |      21 |       2 |   8.7
            +---------+---------+-------+---------+---------+-------
        D:1 |      31 |       0 |   0.0 |      15 |       0 |   0.0
        D:2 |      10 |       3 |  23.1 |       6 |       2 |  25.0
            +---------+---------+-------+---------+---------+-------
